 Dungeon Crawl Stone Soup version 0.17.0-57-g0e89251 (webtiles) character file.

3736 lucasterio the Cleaver (level 9, 0/64 HPs)
             Began as a Demonspawn Berserker on Dec 7, 2015.
             Was a High Priest of Trog.
             Slain by a scorpion (2 damage)
             ... on level 8 of the Dungeon on Dec 8, 2015.
             The game lasted 00:30:49 (7745 turns).

lucasterio the Cleaver (Demonspawn Berserker)       Turns: 7745, Time: 00:30:49

Health: 0/64       AC:  1    Str: 20    XL:     9   Next: 93%
Magic:  9/9        EV: 12    Int:  9    God:    Trog [*****.]
Gold:   347        SH:  0    Dex: 11    Spells: 0 memorised, 8 levels left

rFire  . . .     SeeInvis .     (no weapon)
rCold  . . .     Clarity  .     (no armour)
rNeg   + . .     SustAt   .     (no shield)
rPois  .         Gourm    .     (helmet restricted)
rElec  .         Spirit   .     (no cloak)
rCorr  .         Warding  .     S - +0 pair of gloves
rMut   .         Rnd*Tele +     (no boots)
MR     .....                    (no amulet)
Stlth  ++........               L - ring of teleportation
                                Q - ring of positive energy

@: lethally poisoned (0 -> -26), not resistant to hostile enchantments,
unstealthy
A: horns 2, talons 1, clumsy 1, deterioration 1, frail 1, nightstalker 1, spiny
1
a: Berserk, Trog's Hand, Brothers in Arms, Burn Spellbooks, Renounce Religion,
Evoke Teleportation


You were on level 8 of the Dungeon.
You worshipped Trog.
Trog was extremely pleased with you.
You were not hungry.

You visited 1 branch of the dungeon, and saw 8 of its levels.
You also visited: Sewer.

You collected 347 gold pieces.

Inventory:

Hand Weapons
 a - a +0 hand axe
 r - a +5 hand axe
 t - a +0 shortbow
 I - the +3 dagger of Balance {freeze, rN+ MR+, unknown}
   (You found it on level 5 of the Dungeon)

   It has been specially enchanted to freeze those struck by it, causing extra
   injury to most foes and up to half again as much damage against particularly
   susceptible opponents.
   It can also slow down cold-blooded creatures.
   It protects you from negative energy.
   It affects your resistance to hostile enchantments.
 K - a +4 arbalest of freezing
 M - a +2 battleaxe
Missiles
 k - 194 arrows
 H - 4 poisoned arrows
 J - 17 arrows of frost
Armour
 d - a +0 plate armour
 B - a +0 chain mail
 E - a +0 large shield
 F - a +0 pair of boots
 S - a +0 pair of gloves (worn)
Jewellery
 C - an uncursed ring of see invisible
 L - a ring of teleportation (right hand)
 N - an uncursed amulet of the gourmand {unknown}
 Q - a ring of positive energy (left hand)
 T - an uncursed amulet of warding {unknown}
Wands
 s - a wand of fire (9)
 O - a wand of polymorph (24)
Scrolls
 b - 5 scrolls of identify
 e - a scroll of fog {unknown}
 f - 3 scrolls of enchant weapon
 g - 4 scrolls of recharging
 i - 2 scrolls of amnesia {unknown}
 l - 3 scrolls of remove curse
 m - a scroll of magic mapping {unknown}
 n - 3 scrolls of blinking {unknown}
 o - 4 scrolls of fear {unknown}
 u - a scroll of noise {unknown}
 w - 2 scrolls of random uselessness {unknown}
 x - 2 scrolls of immolation {unknown}
 y - 2 scrolls of teleportation {unknown}
 P - 4 scrolls of enchant armour {unknown}
Potions
 h - 4 potions of lignification
 j - a potion of cancellation {unknown}
 p - 5 potions of curing
 q - 2 potions of agility {unknown}
 v - 6 potions of heal wounds {unknown}
 z - a potion of might {unknown}
 A - a potion of poison {unknown}
 D - 2 potions of mutation {unknown}
 G - 3 potions of flight {unknown}
Comestibles
 c - 6 bread rations
 R - a meat ration
 U - 9 chunks of flesh


   Skills:
 + Level 7.1 Fighting
 * Level 8.7 Axes
 * Level 8.5 Armour
 - Level 1.7 Dodging


You had 8 spell levels left.
You didn't know any spells.

Dungeon Overview and Level Annotations

Branches:
Dungeon (8/15)             Temple (0/1) D:7
   Lair: D:8-11

Altars:
Elyvilon
Gozag
Qazlal
Sif Muna
Yredelemnul
Zin
The Shining One


Innate Abilities, Weirdness & Mutations

You have a pair of horns on your head.
You have sharp toenails.
You are slightly more attuned to the shadows.
You are partially covered in sharp spines.
You are clumsy. (Dex -2)
Your body sometimes deteriorates upon taking damage.
You are frail (-10% HP).


Message History

You feel sick. The scorpion is struck by your spines.
The scorpion stings you but does no damage.
You feel sick. The scorpion is struck by your spines. The scorpion stings you!
You feel sick. The scorpion is struck by your spines. The scorpion stings you.
You are more poisoned.
The scorpion poisons you!
You feel very sick. The scorpion misses you.
You feel sick. The scorpion barely misses you.
You feel sick. The scorpion stings you.
* * * LOW HITPOINT WARNING * * *
You are more poisoned.
The scorpion poisons you!
* * * LOW HITPOINT WARNING * * *
You feel sick. The scorpion is struck by your spines. The scorpion stings you!
* * * LOW HITPOINT WARNING * * *
* * * LOW HITPOINT WARNING * * *
You feel very sick. The scorpion stings you.
You die...

....##..)............###.###.....
.....................###.# ###.##
...........#....####.....#####.##
....#....#).....# ##.......##.##
....#.....#.....# #.......##..#
....##..#.....### #.......###.#
....(...###....#######...######.#
...##..##......##..........).....
##.............>@........##.###.#
##.. ..........s.....####..# #..
#......................# #.## ##.
#......................# #.# #.
#..........(...........###.# ##
#............(.....(.....#.#
#...........#..(.#.........#
#...........#..).).........##
...#.....##.#..#))#.>.......#


You could see a scorpion.

Vanquished Creatures
  4 kobold demonologists (D:8)
  A hungry ghost (D:7)
  2 orc warriors (D:7)
  The ghost of cada the Skirmisher, an amateur OgFi (D:3)
  An ice beast (D:7)
  A black bear (D:7)
  A sky beast (D:7)
  An ogre (D:8)
  3 centaurs
  A phantom (D:4)
  A big kobold (Sewer)
  Blork the orc (D:5)
  A giant frog (D:8)
  A scorpion (D:5)
  5 wights (D:7)
  6 hounds
  2 crimson imps
  A centaur skeleton (D:7)
  An iguana (D:4)
  7 orc priests
  5 orc wizards (D:4)
  Natasha (twice) (D:2)
  6 worker ants
  A hound zombie (D:6)
  9 gnolls
  2 hound skeletons
  A river rat (Sewer)
  5 adders
  A shadow imp (D:7)
  2 adder zombies (D:7)
  An adder skeleton (D:4)
  4 worms
  6 giant geckos
  37 orcs
  A ball python (D:1)
  7 bats
  12 hobgoblins
  19 jackals
  16 kobolds
  3 quokkas
  3 giant cockroaches (D:1)
  A giant gecko skeleton (D:5)
  A giant gecko zombie (D:6)
  6 giant newts
  10 goblins
  13 rats
216 creatures vanquished.

Notes
Turn   | Place    | Note
--------------------------------------------------------------
     0 | D:1      | lucasterio the Demonspawn Berserker began the quest for the Orb.
     0 | D:1      | Reached XP level 1. HP: 18/18 MP: 1/1
   102 | D:1      | Gained mutation: You have a pair of small horns on your head. [demonic ancestry]
   102 | D:1      | Reached XP level 2. HP: 21/24 MP: 2/2
   412 | D:1      | Reached ** piety under Trog
   668 | D:1      | Gained mutation: You are partially covered in sharp spines. [demonic ancestry]
   668 | D:1      | Reached XP level 3. HP: 29/29 MP: 3/3
  1150 | D:2      | Found a faded altar to an unknown god.
  1223 | D:2      | Found a glowing golden altar of the Shining One.
  1244 | D:2      | Noticed Natasha
  1248 | D:2      | Killed Natasha
  1248 | D:2      | Reached *** piety under Trog
  1248 | D:2      | Reached XP level 4. HP: 24/35 MP: 4/4
  1276 | D:2      | Noticed Natasha
  1283 | D:2      | Killed Natasha
  1472 | D:2      | Found a basalt altar of Yredelemnul.
  1546 | D:2      | Found a white marble altar of Elyvilon.
  2233 | D:3      | Noticed cada's ghost (amateur OgFi)
  2245 | D:3      | Killed cada's ghost
  2245 | D:3      | Reached skill level 4 in Axes
  2245 | D:3      | Gained mutation: You have a pair of horns on your head. [demonic ancestry]
  2245 | D:3      | Reached XP level 5. HP: 17/42 MP: 5/5
  2840 | D:3      | Found a deep blue altar of Sif Muna.
  2989 | D:4      | Reached XP level 6. HP: 45/48 MP: 6/6
  3186 | D:4      | Reached **** piety under Trog
  3277 | D:4      | Noticed a phantom
  3295 | D:4      | Killed a phantom
  3295 | D:4      | Reached skill level 5 in Axes
  3295 | D:4      | Reached XP level 7. HP: 41/55 MP: 7/7
  3376 | D:4      | Found a glowing silver altar of Zin.
  3888 | D:5      | Entered Level 5 of the Dungeon
  3901 | D:5      | Noticed Blork the orc
  3909 | D:5      | Killed Blork the orc
  3909 | D:5      | Reached skill level 5 in Armour
  4083 | D:5      | Reached skill level 5 in Fighting
  4422 | D:5      | Reached skill level 6 in Axes
  4427 | D:5      | Found an opulent altar of Gozag.
  4427 | D:5      | Found a stormy altar of Qazlal.
  4529 | D:5      | Reached ***** piety under Trog
  4736 | D:5      | Gained mutation: You have sharp toenails. [demonic ancestry]
  4736 | D:5      | Reached XP level 8. HP: 62/62 MP: 8/8
  5109 | D:5      | Got a crystal dagger
  5738 | D:6      | Found a glowing drain.
  5747 | Sewer    | Entered a sewer
  5954 | Sewer    | Found a white marble altar of Elyvilon.
  6287 | D:7      | Reached skill level 7 in Axes
  6347 | D:7      | Gained mutation: You are slightly more attuned to the shadows. [demonic ancestry]
  6347 | D:7      | Reached XP level 9. HP: 62/69 MP: 9/9
  6563 | D:7      | Found a staircase to the Ecumenical Temple.
  7161 | D:8      | Noticed a kobold demonologist
  7169 | D:8      | Noticed a kobold demonologist
  7181 | D:8      | Killed a kobold demonologist
  7181 | D:8      | Reached skill level 8 in Axes
  7182 | D:8      | Noticed a kobold demonologist
  7184 | D:8      | Noticed a sixfirhy
  7187 | D:8      | Killed a kobold demonologist
  7189 | D:8      | Noticed a kobold demonologist
  7189 | D:8      | Gained mutation: Your body sometimes deteriorates upon taking damage. [a neqoxec]
  7191 | D:8      | Gained mutation: You are clumsy. (Dex -2) [a neqoxec]
  7195 | D:8      | Gained mutation: You are frail (-10% HP). [a neqoxec]
  7199 | D:8      | Noticed a rust devil
  7200 | D:8      | Noticed an orange demon
  7200 | D:8      | Killed a kobold demonologist
  7202 | D:8      | Killed a kobold demonologist
  7202 | D:8      | Received a gift from Trog
  7745 | D:8      | HP: 2/64 [poisoned by a scorpion]
  7745 | D:8      | Slain by a scorpion

Action                   |  1- 3 |  4- 6 |  7- 9 || total
-------------------------+-------+-------+-------++-------
Melee: Hand axe          |   105 |    92 |   242 ||   439
Invok: Berserk           |       |     1 |     4 ||     5
  Use: Scroll            |       |       |     4 ||     4
       Potion            |       |       |     1 ||     1
  Eat: Chunk             |     1 |     8 |    17 ||    26
       Fruit             |       |       |     1 ||     1
       Meat ration       |       |       |     1 ||     1
